 Dungeon Crawl Stone Soup version 0.29-a0-541-gaf1fc19f1b (webtiles) character file.

Game seed: 12453548293573687727

5039 oldriver the Fighter (level 10, -1/99 HPs)
             Began as a Palentonga Wanderer on June 3, 2022.
             Was an Initiate of Okawaru.
             Slain by a yak (8 damage)
             ... on level 8 of the Dungeon.
             The game lasted 00:11:02 (8377 turns).

oldriver the Fighter (Palentonga Wanderer)          Turns: 8377, Time: 00:11:03

Health: -1/99      AC: 15    Str: 18    XL:     10   Next: 30%
Magic:  10/10      EV:  9    Int:  9    God:    Okawaru [......]
Gold:   552        SH:  0    Dex: 17    Spells: 9/9 levels left

rFire   + . .      SeeInvis +   i - +3 hand axe (venom)
rCold   . . .      Faith    .   (no shield)
rNeg    . . .      Spirit   .   r - +1 leather armour "Adab" {rF+ Regen+ Dex+2}
rPois   .          Reflect  .   n - +0 helmet
rElec   .          Harm     .   j - +0 cloak
rCorr   .          Rampage  .   (no gloves)
Will    .....                   (no barding)
Stlth   +.........              (no amulet)
HPRegen 1.06/turn               (no ring)
MPRegen 0.12/turn               (no ring)

@: slowed, curled up, very slow
A: large, rugged brown scales 3, see invisible, deformed body, roll 1, armoured
tail, reflexive curl
a: Rolling Charge, Renounce Religion


You were on level 8 of the Dungeon.
You worshipped Okawaru.
Okawaru was noncommittal.
You visited 2 branches of the dungeon, and saw 10 of its levels.

You collected 552 gold pieces.

Inventory:

Hand Weapons
 a - a +0 vorpal quarterstaff
 i - a +3 hand axe of venom (weapon)
 u - the +4 mace of Noboun {drain, rElec}
   (You found it on level 7 of the Dungeon)

   A truly terrible weapon, it drains the life of any living foe it strikes.
   rElec:     It insulates you from electricity.
Armour
 j - a +0 cloak (worn)
 n - a +0 helmet (worn)
 r - the +1 leather armour "Adab" (worn) {rF+ Regen+ Dex+2}
   (You found it on level 4 of the Dungeon)

   Dex:       It affects your dexterity (+2).
   rF:        It protects you from fire.
   Regen:     It increases your rate of health regeneration.
Jewellery
 w - an amulet of the acrobat
 x - a ring of willpower
Wands
 g - a wand of iceblast (16)
 h - a wand of digging (5)
 v - a wand of flame (21)
Scrolls
 f - a scroll of magic mapping {unknown}
 m - 2 scrolls of teleportation
 q - a scroll of noise {unknown}
 y - a scroll of identify
Potions
 b - 2 potions of mutation
 d - 3 potions of lignification
 e - 2 potions of brilliance
 k - 2 potions of curing
 l - 2 potions of ambrosia
 o - a potion of cancellation
 p - a potion of heal wounds {unknown}
 s - a potion of attraction {unknown}
 t - a potion of resistance {unknown}
 z - a potion of might
Miscellaneous
 c - a piece from Xom's chessboard (15/15)


   Skills:
 + Level 13.7 Fighting
 * Level 6.0 Axes
 - Level 3.6 Staves
 - Level 2.4 Armour
 - Level 1.7 Evocations


You had 9 spell levels left.
You didn't know any spells.
Your spell library contained the following spells:

 Spells                   Type           Power      Damage    Failure   Level
 Apportation              Tloc           0%         N/A       43%         1
 Shock                    Conj/Air       0%         1d3       43%         1
 Slow                     Hex            0%         N/A       43%         1
 Blink                    Tloc           0%         N/A       58%         2
 Sublimation of Blood     Necr           0%         N/A       58%         2
 Wereblood                Tmut           0%         N/A       58%         2
 Confusing Touch          Hex            0%         N/A       82%         3
 Stone Arrow              Conj/Erth      0%         3d7       82%         3
 Swiftness                Air            0%         N/A       82%         3
 Vampiric Draining        Necr           0%         2d6       82%         3
 Airstrike                Air            0%         N/A       99%         4
 Petrify                  Tmut/Erth      0%         N/A       99%         4
 Alistair's Intoxication  Tmut/Pois      0%         N/A       100%        5
 Irradiate                Conj/Tmut      0%         3d13      100%        5
 Lightning Bolt           Conj/Air       0%         1d11      100%        5
 Manifold Assault         Tloc           0%         N/A       100%        5
 Metabolic Englaciation   Hex/Ice        0%         N/A       100%        5
 Statue Form              Tmut/Erth      0%         N/A       100%        6
 Storm Form               Tmut/Air       0%         N/A       100%        7
 Lehudib's Crystal Spear  Conj/Erth      0%         10d2      100%        8
 Animate Armour           Summ/Erth      Unusable   N/A       N/A         4
 Summon Lightning Spire   Summ/Air       Unusable   N/A       N/A         4
 Summon Hydra             Summ           Unusable   N/A       N/A         7

Dungeon Overview and Level Annotations

Branches:
Dungeon (9/15)             Temple (1/1) D:7
   Lair: D:8-11         Orc: D:9-12

Altars:
Ashenzari
Cheibriados
Dithmenos
Fedhas
Gozag
Hepliaklqana
Kikubaaqudgha
Makhleb
Nemelex Xobeh
Okawaru
Qazlal
Ru
Sif Muna
Trog
Uskayaw
Vehumet
Wu Jian
Xom
Yredelemnul
Zin
The Shining One

Shops:
D:4 =   D:8 (


Innate Abilities, Weirdness & Mutations

You are completely covered in rugged brown scales. (AC +3, +7% HP)
You have supernaturally acute eyesight. (SInv)
Armour fits poorly on your strangely shaped body.
You can roll at nearby foes to attack.
You have a long armoured tail.
You curl defensively after being hit. (AC +7*)


Message History

Your Axes skill increases to level 6!
You hit the yak.
The yak is poisoned.
The yak is lightly wounded.
The yak gores you! x2
* * * LOW HITPOINT WARNING * * *
You hit the yak.
You tail-slap the yak, but do no damage.
The yak is moderately wounded.
The yak misses you.
You hit the yak.
The yak is moderately wounded.
The yak gores you!
* * * LOW HITPOINT WARNING * * *
The yak gores you but does no damage. The yak attacks as you move away!
The yak gores you but does no damage.
There is a stone staircase leading up here.
The yak closely misses you. The yak gores you.
* * * LOW HITPOINT WARNING * * *
You climb upwards.
There is a stone staircase leading down here.
You barely miss the yak.
The yak is moderately wounded.
The yak gores you.
* * * LOW HITPOINT WARNING * * *
You barely miss the yak.
The yak is moderately wounded.
The yak closely misses you. The yak gores you!
* * * LOW HITPOINT WARNING * * *
You slash the yak!
The yak is heavily wounded.
The yak gores you but does no damage.
You hit the yak.
The yak looks even sicker.
The yak is severely wounded.
The yak gores you.
* * * LOW HITPOINT WARNING * * *
The yak barely misses you.
You barely miss the yak.
Your tail-slap misses the yak.
The yak is severely wounded.
The yak gores you!
You die...

#.### ##.## #...###
##.#.###### ##.##..###
##.###.....#
#.####...###..# ##.####
### ###.....## #.#
##...## #.# ###..# ##.##
### ###Y...## ##...##
#.#####...@...###.....##
##.##..................##
##...###...............##
#.### ##..<.......#....##
#.# #.................
### ##......#.........
#.....###.......# ###
##....## #......## #.#
###....## ##.....##


You could see a yak (very poisoned).

Vanquished Creatures
  Pikel (D:6)
  Sigmund (D:3)
  A wraith (D:9)
  2 wyverns (D:7)
  2 yaks (D:9)
  A steam dragon (D:6)
  Eustachio (D:5)
  4 vampire mosquitoes (D:6)
  Menkaure (D:5)
  Edmund (D:6)
  A water moccasin (D:6)
  2 ice beasts
  2 sky beasts (D:6)
  2 orc warriors
  A centaur (D:7)
  A lemure (D:6)
  A phantom (D:7)
  Blork the orc (D:5)
  4 bullfrogs
  A scorpion (D:6)
  A necrophage (D:6)
  4 wights
  A howler monkey (D:3)
  3 jellies
  4 orc priests
  Crazy Yiuf (D:7)
  A gnoll shaman (D:7)
  6 hounds
  Jessica (D:2)
  An iguana (D:4)
  7 orc wizards
  2 hell rats (D:7)
  Robin (D:3)
  3 adders
  24 gnolls
  9 river rats (D:7)
  A white imp (D:3)
  3 dart slugs
  36 orcs
  8 endoplasms
  3 giant cockroaches
  10 hobgoblins
  8 kobolds
  8 quokkas
  4 ball pythons
  6 bats
  6 frilled lizards
  11 goblins
  21 rats
225 creatures vanquished.

Vanquished Creatures (others)
  A plant (D:1)
1 creature vanquished.

Grand Total: 226 creatures vanquished

Notes
Turn   | Place    | Note
-------+----------+-------------------------------------------
     0 | D:1      | oldriver the Palentonga Wanderer began the quest for the
                  | Orb.
     0 | D:1      | oldriver set off with the following items: a +0 vorpal
                  | quarterstaff, a +0 hand axe, a piece from Xom's chessboard
                  | (15/15), a potion of lignification, a +0 leather armour
     0 | D:1      | Reached XP level 1. HP: 16/16 MP: 1/1
   325 | D:1      | Reached XP level 2. HP: 17/22 MP: 2/2
  1045 | D:2      | Reached skill level 2 in Fighting
  1045 | D:2      | Reached XP level 3. HP: 28/28 MP: 3/3
  1058 | D:2      | Reached XP level 4. HP: 16/36 MP: 4/4
  1340 | D:2      | Reached skill level 3 in Fighting
  2003 | D:2      | Found a faded altar of an unknown god.
  2084 | D:2      | Noticed Jessica
  2094 | D:2      | Killed Jessica
  2095 | D:2      | Reached XP level 5. HP: 17/43 MP: 5/5
  2525 | D:3      | Noticed Robin
  2539 | D:3      | Killed Robin
  2566 | D:3      | Noticed Sigmund
  2580 | D:3      | Killed Sigmund
  2581 | D:3      | Reached skill level 4 in Fighting
  2581 | D:3      | Reached XP level 6. HP: 18/52 MP: 6/6
  2984 | D:3      | Found a burning altar of Makhleb.
  2985 | D:3      | Found a stormy altar of Qazlal.
  3359 | D:4      | Found Tumum's Jewellery Shoppe.
  3440 | D:4      | Reached skill level 5 in Fighting
  3894 | D:4      | Identified the +1 leather armour "Adab" {rF+ Regen+ Dex+2}
  4138 | D:5      | Entered Level 5 of the Dungeon
  4223 | D:5      | Noticed Blork the orc
  4224 | D:5      | Gained mutation: You curl defensively after being hit. (AC
                  | +7*) [Palentonga growth]
  4224 | D:5      | Reached XP level 7. HP: 59/59 MP: 7/7
  4239 | D:5      | Killed Blork the orc
  4240 | D:5      | Reached skill level 5 in Axes
  4288 | D:5      | Noticed Eustachio
  4296 | D:5      | Reached skill level 6 in Fighting
  4300 | D:5      | Killed Eustachio
  4356 | D:5      | Reached skill level 7 in Fighting
  4772 | D:5      | Noticed Menkaure
  4788 | D:5      | Killed Menkaure
  4789 | D:5      | Reached XP level 8. HP: 23/72 MP: 8/8
  5138 | D:6      | Reached skill level 8 in Fighting
  5139 | D:6      | Reached skill level 9 in Fighting
  5360 | D:6      | Reached skill level 10 in Fighting
  5433 | D:6      | Reached XP level 9. HP: 47/84 MP: 9/9
  5560 | D:6      | Noticed Edmund
  5584 | D:6      | Killed Edmund
  5585 | D:6      | Reached skill level 11 in Fighting
  5865 | D:6      | Noticed Pikel
  5876 | D:6      | Killed Pikel
  5877 | D:6      | Reached skill level 12 in Fighting
  5927 | D:6      | Found a sparkling altar of Nemelex Xobeh.
  6214 | D:7      | Reached skill level 13 in Fighting
  6430 | D:7      | Reached XP level 10. HP: 74/98 MP: 10/10
  6629 | D:7      | Found a staircase to the Ecumenical Temple.
  6646 | Temple   | Entered the Ecumenical Temple
  6840 | Temple   | Became a worshipper of Warmaster Okawaru
  6981 | D:7      | Found a runed translucent door.
  6982 | D:7      | Noticed Crazy Yiuf
  6989 | D:7      | Killed Crazy Yiuf
  6993 | D:7      | Identified the +4 mace of Noboun {drain, rElec}
  7607 | D:8      | Found Nuryumuc's Weapon Boutique.
  8320 | D:9      | Noticed a death yak
  8377 | D:8      | Slain by a yak

Illustrated notes

Levels and vault maps discovered:
D:1:      lightli_arrival_farm, layout_loops_ring, serial_forest,
          infiniplex_forest_clump_C, infiniplex_forest_diagonal,
          infiniplex_forest_corner_1, infiniplex_forest_straight_2,
          infiniplex_forest_corner_1, infiniplex_forest_clump_small,
          infiniplex_forest_straight_1
D:2:      layout_basic, basic_ecumenical_altar, st_stairs_2,
          kennysheep_big_empty_room, uniq_jessica
D:3:      layout_basic, gammafunk_temple_overflow_statue, minmay_puff,
          uniq_sigmund, uniq_robin
D:4:      layout_gridville, serial_shops, nicolae_shop_crystal,
          minmay_diced_spiral
D:5:      layout_basic, uniq_blork_the_orc, uniq_eustachio, uniq_menkaure
D:6:      layout_cave_pools, nemelex_spade_bored_becter, uniq_edmund, uniq_pikel
D:7:      lemuel_ratsnest, layout_cave_pools,
          minmay_temple_entry_statues_pillars, uniq_crazy_yiuf_cottage
D:8:      layout_layer_cave, serial_shops, shop
D:9:      layout_loops_ring, mainiacjoe_overflow_cross_hatched,
          dpeg_lair_monsters, serial_shops, shop,
          eino_small_chamber_without_monster, uniq_maurice
Temple:   regret_index_temple_mists

Skill      XL: |  1  2  3  4  5  6  7  8  9 10 |
---------------+-------------------------------+-----
Fighting       | 2 3 4 5 7 10 13 | 13.7
Axes           | 2 3 4 5 6 |  6.0
Staves         | |  3.6
Armour         | |  2.4
Evocations     | |  1.7

Action                   |  1- 3 |  4- 6 |  7- 9 | 10-12 || total
-------------------------+-------+-------+-------+-------++-------
Melee: Quarterstaff      |    36 |       |       |       ||    36
       Tailslap          |     5 |    19 |    50 |    23 ||    97
       Hand axe          |    24 |   130 |   279 |   136 ||   569
       Punch             |       |     1 |     6 |     1 ||     8
 Abil: Rolling Charge    |    12 |    23 |    31 |    15 ||    81
  Use: Potion            |       |     3 |     3 |       ||     6
       Scroll            |       |     5 |     6 |       ||    11
Armor: Leather armour    |    13 |    38 |   124 |    53 ||   228
Dodge: Dodged            |    25 |    44 |   125 |    62 ||   256

Table legend: (Time is in decaauts)
 A = Elapsed time spent in this place.
 B = Non-inter-level travel time spent in this place.
 C = Inter-level travel time spent in this place.
 D = Time resting spent in this place.
 E = Time spent auto-exploring this place.
 F = Levels seen in this place.
 G = Mean time per level.
                   A        B        C        D        E       F      G
               +--------+--------+--------+--------+--------+-----+--------+
         Total |   8493 |   8212 |    281 |   1316 |   5438 |  10 |  849.3 |
       Dungeon |   8233 |   7968 |    265 |   1316 |   5224 |   9 |  914.8 |
        Temple |    259 |    243 |     16 |      0 |    213 |   1 |  259.0 |
               +--------+--------+--------+--------+--------+-----+--------+

Top non-repeatable levels by time:
     D:2: 1289 daAuts
     D:5: 1162 daAuts
     D:1: 1063 daAuts
     D:8: 1023 daAuts
     D:4: 951 daAuts
     D:7: 924 daAuts
     D:3: 878 daAuts
     D:6: 873 daAuts
  Temple: 259 daAuts
     D:9: 68 daAuts
